Cogmind - Beta 13 @@@ ROGUE MODE // 2024.05.26 @ 15:16:43 Player: SPACEGOAT Result: Destroyed by D-53 Grenadier with Mini Grenade Launcher Performance ------------- Evolutions (1) 500 Regions Visited (4) 800 Robots Destroyed (26) 130 Value Destroyed (352) 352 Prototype IDs (0) 0 Alien Tech Used (0) 0 Bonus (0) 0 TOTAL SCORE: 1782 Bonus ------- None Cogmind --------- Core Integrity 0/400 Matter 224/300 Energy 78/100 System Corruption 0% Temperature Cool (0) Movement Core (50) Location -9/Mines Parts ------- > --- POWER (1) -------- (None) > --- PROPULSION (3) --- (None) > --- UTILITY (3) ------ Improved Terrain Scanner > --- WEAPON (2) ------- Light Assault Rifle > --- INVENTORY (5) ---- Small Matter Pod (50) Peak State ------------ > --- POWER ------------ Ion Engine > --- PROPULSION ------- Light Treads Light Treads > --- UTILITY ---------- Small Storage Unit Improved Terrain Scanner > --- WEAPON ----------- Small Laser Assault Rifle > --- INVENTORY -------- Light Ion Engine Light Assault Rifle [Rating: 9] Favorites ----------- Power Ion Engine Engine Ion Engine Propulsion Light Treads Treads Light Treads Flight Unit Flight Unit Utility Improved Terrain Scanner Device Improved Terrain Scanner Storage Small Storage Unit Weapon Assault Rifle Energy Gun Small Laser Ballistic Gun Assault Rifle Launcher Rocket Launcher Special Weapon Mining Laser Build | -11 -10 -10 -9 -9 ------- Run | Yrd Mat Min Mat Min Slots Evolved 2 | . . . 2 . Power . | . . . . . Propulsion 1 | . . . 1 . Utility 1 | . . . 1 . Weapon . | . . . . . Parts Attached 17 | 7 5 . . 5 Power 4 | 1 2 . . 1 Engine 4 | 1 2 . . 1 Core . | . . . . . Reactor . | . . . . . Propulsion 5 | 2 2 . . 1 Treads 2 | 2 . . . . Leg . | . . . . . Wheel . | . . . . . Hover . | . . . . . Flight 3 | . 2 . . 1 Utility 3 | 2 1 . . . Device 2 | 1 1 . . . Storage 1 | 1 . . . . Processor . | . . . . . Hackware . | . . . . . Protection . | . . . . . Artifact . | . . . . . Weapon 5 | 2 . . . 3 Energy Gun 1 | 1 . . . . Energy Cannon . | . . . . . Ballistic Gun 2 | 1 . . . 1 Ballistic Cannon . | . . . . . Launcher 1 | . . . . 1 Special Weapon 1 | . . . . 1 Impact Weapon . | . . . . . Slashing Weapon . | . . . . . Piercing Weapon . | . . . . . Special Melee Weapon . | . . . . . Unidentified Prototypes . | . . . . . Parts Lost 10 | . . . . 10 Power 2 | . . . . 2 Propulsion 3 | . . . . 3 Utility 1 | . . . . 1 Weapon 4 | . . . . 4 Highest Loss Streak 8 | . . . . 8 To Critical Strikes . | . . . . . Average Slot Usage (%) 84 | . 99 . . 63 Engine 11 | . 14 . . 7 Treads 15 | . 26 . . . Flight 7 | . 1 . . 16 Device 16 | . 14 . . 19 Storage 7 | . 13 . . . Energy Gun 11 | . 14 . . 8 Ballistic Gun 11 | . 14 . . 8 Naked Turns . | . . . . . Heaviest Build 14 | 14 14 8 8 8 Greatest Support 40 | 40 40 8 8 8 Greatest Overweight (x) 1 | 1 . . . 1 Average Overweight (x) . | . . . . . Largest Inventory Capacity 8 | 8 8 5 5 5 Average Capacity 7 | 7 7 5 5 5 Most Carried 8 | 5 8 3 3 4 Average Carried 4 | 2 5 3 3 3 Final Capacity 8 | 8 5 5 5 5 Final Carried 5 | 5 3 3 3 1 Class Distribution -------------------- 71% | Mutant 28% | Scavenger-Mutant Dominant Class ---------------- Mutant | -10/Materials Mutant | -10/Mines Mutant | -9/Materials Scavenger-Mutant | -9/Mines Resources | -11 -10 -10 -9 -9 ----------- Run | Yrd Mat Min Mat Min Matter Collected 529 | 322 133 . . 74 Remotely . | . . . . . Salvage Created 741 | 186 370 . . 185 Parts 55 | 13 25 . . 17 Haulers Intercepted . | . . . . . Recyclers Shooed . | . . . . . Parts Field Recycled . | . . . . . Retrieved Matter . | . . . . . Parts Self-Destructed . | . . . . . Prevented . | . . . . . Kills | -11 -10 -10 -9 -9 ------- Run | Yrd Mat Min Mat Min Combat Hostiles Destroyed 15 | . 8 . . 7 Guns 11 | . 8 . . 3 AOE 4 | . . . . 4 Classes Destroyed 6 | 3 3 . . . Worker 2 | 1 . . . 1 Builder 2 | . 1 . . 1 Tunneler 4 | 4 . . . . Recycler 3 | 1 1 . . 1 Swarmer 9 | . 2 . . 7 Grunt 6 | . 6 . . . Best Kill Streak 5 | 4 3 . . 5 Combat Bots Only 4 | . 2 . . 4 Max Kills in Single Turn 3 | 1 1 . . 3 Gunslinging . | . . . . . Exploded 3 | . . . . 3 Melee . | . . . . . Uniques/NPCs Destroyed . | . . . . . Combat | -11 -10 -10 -9 -9 -------- Run | Yrd Mat Min Mat Min Hostile Shots Fired 121 | . 54 1 . 66 Missed 39 | . 13 1 . 25 Damage Taken 1236 | . 421 . . 815 Core 479 | . 76 . . 403 Absorbed by Shields . | . . . . . Core Remaining (%) 84 | 100 . 69 . . Volleys Fired 71 | 16 31 . . 24 Largest 2 | 2 2 . . 2 Hottest 60 | 60 60 . . 60 Shots Fired 136 | 32 62 . . 42 Gun 131 | 32 62 . . 37 Cannon . | . . . . . Launcher 5 | . . . . 5 Special . | . . . . . Kinetic 66 | 16 31 . . 19 Thermal 65 | 16 31 . . 18 Explosive 5 | . . . . 5 Electromagnetic . | . . . . . Robot Hit Streak 11 | 9 11 . . 6 Robot Miss Streak 6 | 2 3 . . 6 Penetration Max . | . . . . . Secondary Targets . | . . . . . Shots Hit Robots 88 | 23 40 . . 25 Core Hits 38 | 7 18 . . 13 Critical Kills . | . . . . . Critical Parts Destroyed . | . . . . . Critical Strikes . | . . . . . Melee Attacks . | . . . . . Impact . | . . . . . Slashing . | . . . . . Piercing . | . . . . . Sneak Attacks . | . . . . . Combat Hostiles . | . . . . . Follow-up Attacks . | . . . . . Damage Inflicted 1267 | 263 472 . . 532 Guns 977 | 263 472 . . 242 Cannons . | . . . . . Explosions 290 | . . . . 290 Melee . | . . . . . Ramming . | . . . . . Kinetic 478 | 121 259 . . 98 Thermal 499 | 142 213 . . 144 Explosive 290 | . . . . 290 Electromagnetic . | . . . . . Impact . | . . . . . Slashing . | . . . . . Piercing . | . . . . . Highest Corruption . | . . . . . Average Corruption . | . . . . . Corruption Purged . | . . . . . Corruption Blocked . | . . . . . Overload Shots . | . . . . . Overflow Damage 8 | . . . . 8 Projectiles . | . . . . . Explosions 8 | . . . . 8 Melee . | . . . . . Knockbacks . | . . . . . Impact . | . . . . . Kinetic . | . . . . . Secondary . | . . . . . Self-Inflicted Damage 37 | . . . . 37 Shots 2 | . . . . 2 Rammed . | . . . . . Targets Rammed . | . . . . . Kicked . | . . . . . Crushed . | . . . . . Highest Temperature 60 | . 60 . . 3 Average Temperature 25 | . 26 . . 1 Received Heat Transfer 186 | . 186 . . . Siege Activations . | . . . . . Robots Corrupted . | . . . . . Combat Hostiles . | . . . . . Parts Fried . | . . . . . Impact Corruptions . | . . . . . Robots Melted . | . . . . . Combat Hostiles . | . . . . . Parts Melted . | . . . . . Heat Transferred 1125 | 325 475 . . 325 Parts Sabotaged . | . . . . . Parts Stolen . | . . . . . Parts Stripped . | . . . . . Power Chain Reactions . | . . . . . Alert | -11 -10 -10 -9 -9 ------- Run | Yrd Mat Min Mat Min Peak Influence 296 | 30 296 115 44 160 Initial 115 | . 19 115 44 16 Average 66 | 12 107 115 44 57 Maximum Alert Level 1 | . 1 . . . Low Security (%) 94 | 100 87 100 100 100 Level 1 5 | . 12 . . . Level 2 . | . . . . . Level 3 . | . . . . . Level 4 . | . . . . . Level 5 . | . . . . . High Security . | . . . . . Max Security . | . . . . . Squads Dispatched 2 | . 2 . . . Investigation 1 | . 1 . . . Extermination . | . . . . . Reinforcement 1 | . 1 . . . Assault . | . . . . . Garrison . | . . . . . Intercept . | . . . . . Searches Triggered . | . . . . . Construction Impeded . | . . . . . Haulers Reinforced . | . . . . . Active Scanning Responses . | . . . . . Cargo Convoy Interrupts . | . . . . . Stealth | -11 -10 -10 -9 -9 --------- Run | Yrd Mat Min Mat Min Distress Signals 1 | . 1 . . . Communications Jammed . | . . . . . Distress Signals . | . . . . . Times Spotted 30 | . 13 2 . 15 Peak Tracking Total 8 | . 6 2 . 8 Tactical Retreats 3 | . 1 . . 2 Traps | -11 -10 -10 -9 -9 ------- Run | Yrd Mat Min Mat Min Traps Triggered . | . . . . . Indirectly . | . . . . . Trap Hack Attempts . | . . . . . Triggered . | . . . . . Disarmed . | . . . . . Reprogrammed . | . . . . . Reused . | . . . . . Traps Extracted . | . . . . . Installed . | . . . . . Triggered . | . . . . . Machines | -11 -10 -10 -9 -9 ---------- Run | Yrd Mat Min Mat Min Machines Disabled . | . . . . . Max in Single Turn . | . . . . . Machines Repaired . | . . . . . Machines Dismantled . | . . . . . Machines Sabotaged . | . . . . . Overloaded Fab Kills . | . . . . . Hacking | -11 -10 -10 -9 -9 --------- Run | Yrd Mat Min Mat Min Machines Accessed 2 | . 2 . . . Terminals 1 | . 1 . . . Fabricators . | . . . . . Repair Stations 1 | . 1 . . . Recycling Units . | . . . . . Scanalyzers . | . . . . . Garrison Access . | . . . . . Total Hacks 8 | . 8 . . . Successful 4 | . 4 . . . Failed 4 | . 4 . . . Catastrophic . | . . . . . Database Lockouts . | . . . . . Manual . | . . . . . Terminals 5 | . 5 . . . Fabricators . | . . . . . Repair Stations 3 | . 3 . . . Recycling Units . | . . . . . Scanalyzers . | . . . . . Garrison Access . | . . . . . Terminal Hacks 2 | . 2 . . . Robot Analysis 1 | . 1 . . . Zone Layout 1 | . 1 . . . Fabricator Hacks . | . . . . . Repair Station Hacks 2 | . 2 . . . Scan Component 2 | . 2 . . . Recycling Unit Hacks . | . . . . . Scanalyzer . | . . . . . Garrison Access Hacks . | . . . . . Unauthorized Hacks . | . . . . . Terminals . | . . . . . Fabricators . | . . . . . Repair Stations . | . . . . . Recycling Units . | . . . . . Scanalyzers . | . . . . . Garrison Access . | . . . . . Data Cores Recovered . | . . . . . Used . | . . . . . Hacking Detections 2 | . 2 . . . Full Trace Events 1 | . 1 . . . Feedback Events . | . . . . . Feedback Blocked . | . . . . . Robot Schematics Acquired . | . . . . . Robots Built . | . . . . . Authchips . | . . . . . Time . | . . . . . Total Robot Build Rating . | . . . . . Part Schematics Acquired . | . . . . . Parts Built . | . . . . . Authchips . | . . . . . Time . | . . . . . Total Part Build Rating . | . . . . . Parts Repaired . | . . . . . Time . | . . . . . Parts Recycled . | . . . . . Recycled Matter . | . . . . . Retrieved Matter . | . . . . . Retrieved Components . | . . . . . Parts Scanalyzed . | . . . . . Part Schematics Acquired . | . . . . . Parts Damaged . | . . . . . Bothacking | -11 -10 -10 -9 -9 ------------ Run | Yrd Mat Min Mat Min Used RIF Installer . | . . . . . Robots Hacked . | . . . . . Non-combat . | . . . . . Combat . | . . . . . Robot Hacks Applied . | . . . . . Relay Couplers Released . | . . . . . Fabnet Peak Effective % . | . . . . . Robots Rewired . | . . . . . Allies Hacked . | . . . . . Hacks Repelled . | . . . . . Allies | -11 -10 -10 -9 -9 -------- Run | Yrd Mat Min Mat Min Total Allies . | . . . . . Largest Group . | . . . . . Highest-Rated Group . | . . . . . Highest-Rated Ally . | . . . . . Total Orders . | . . . . . Ally Attacks . | . . . . . Total Damage . | . . . . . Kills . | . . . . . Allies Corrupted . | . . . . . Allies Melted . | . . . . . Intel | -11 -10 -10 -9 -9 ------- Run | Yrd Mat Min Mat Min Robot Analysis Total 1 | . 1 . . . Derelict Logs Recovered 2 | . . . . 2 Drone Launches . | . . . . . Drone Recoveries . | . . . . . Exploration | -11 -10 -10 -9 -9 ------------- Run | Yrd Mat Min Mat Min Turns Passed 706 | 191 299 2 5 209 Spaces Moved 556 | 84 131 6 14 321 Core 37 | 8 . . . 29 Treads 186 | 76 110 . . . Legs . | . . . . . Wheels . | . . . . . Hover . | . . . . . Flight 333 | . 21 6 14 292 Fastest Speed 37 | 50 37 37 37 37 Average Speed 80 | 152 140 37 37 39 Slowest Speed 160 | 160 160 37 37 120 Overloaded Moves . | . . . . . Propulsion Burnouts . | . . . . . Robots Hopped 1 | . . . . 1 Cave-ins Triggered . | . . . . . Exploration Rate (%) 17 | 6 22 6 4 49 Regions Visited 4 Branch Regions 2 Pre-discovered Areas . | . . . . . Known Exits Taken . | . . . . . Unknown Exits Taken 4 | 1 1 1 1 . Scrap Searched 1 | . . . . 1 Spaces Dug . | . . . . . Terrain Destroyed 35 | . . . . 35 Melee . | . . . . . Projectile . | . . . . . AOE 35 | . . . . 35 Terrain Rammed . | . . . . . Walls Destroyed . | . . . . . Machines Disabled . | . . . . . Actions | -11 -10 -10 -9 -9 --------- Run | Yrd Mat Min Mat Min Total 676 | 112 186 5 13 360 Wait 16 | . 6 . . 10 Move 550 | 83 130 5 13 319 Hop 1 | . . . . 1 Pick Up 13 | 6 6 . . 1 Fast Attach 8 | 6 . . . 2 Attach 7 | 1 3 . . 3 Detach . | . . . . . Swap 2 | . 2 . . . Drop 8 | . 8 . . . Fire 71 | 16 31 . . 24 Melee . | . . . . . Ram . | . . . . . Kick . | . . . . . Crush . | . . . . . Escape Stasis . | . . . . . Rewire . | . . . . . Trap . | . . . . . Miscellaneous . | . . . . . Route ------- -11/Scrapyard -10/Materials (discovered 2 exits: [*Min] / [Sub]) -10/Mines -9/Materials -9/Mines (discovered 1 exit: [*Mat]) History --------- Turn | Location | Event 19 | -11/Scrapyard | Discovered new exit (range 15) 192 | -11/Scrapyard | Entered Materials 204 | -10/Materials | Discovered new exit (range 7) 307 | -10/Materials | Build established: Mutant 440 | -10/Materials | Discovered new exit (range 10) 491 | -10/Materials | Entered Mines 491 | -10/Mines | Discovered new exit (range 6) 493 | -10/Mines | Entered Materials 493 | -9/Materials | Evolved 2 slots: Propulsion x1, Utility x1 493 | -9/Materials | Discovered new exit (range 7) 498 | -9/Materials | Entered Mines 542 | -9/Mines | Received a Rocket Launcher from a helpful Derelict 557 | -9/Mines | Discovered new exit (range 10) 628 | -9/Mines | Learned Materials security intel 629 | -9/Mines | Learned Materials stockpile data 637 | -9/Mines | Assembled infested the area 680 | -9/Mines | Core integrity fell below 50% 705 | -9/Mines | Core integrity fell below 20% 707 | -9/Mines | Destroyed by D-53 Grenadier with Mini Grenade Launcher Last Messages --------------- Sml. Laser destroyed. U-05 Engineer lays Concrete. The unstable cave ceiling collapses. K-01 Serf collects debris. U-05 Engineer lays Concrete. Lgt. Ion Engine destroyed. Flight Unit destroyed. The unstable cave ceiling collapses. K-01 Serf collects debris. C-30 ARC bursts open, deploying its payload. S-10 Pest unfolds itself. K-01 Serf collects debris. S-10 Pest destroyed. K-01 Serf collects debris. Destroyed Flight Unit. S-10 Pest destroyed. Mining Laser destroyed. The unstable cave ceiling collapses. Rocket Launcher destroyed. The unstable cave ceiling collapses. Map ----- +----------------------------------------------------+ | | | | | | | | | | | | | | | | | | | | | | | | | | | ?????????#?????#?????????????????????????????????? | | ??????????#?????????????????????????#????????????? | | ???????????????????????#?????????????????????????? | | ???????#####?????????????#?????????##????###?????? | | ??????## ##??????????????????????# ? ??????? | | ??????# #??????????????????????# ""? < ??????? | | ?#???## #??????????????????????# """% ???????? | | ????## ##?????????#######?##??# """ ????????? | | ????# ##????????### # #??# ?????????? | | ???## ##?????##### #??? ?? ???????? | | ??## """ ##?##?## ## ## #??????#??? | | ?## """ #????# # ####??#???? | | ## """ #?#??# k @ #???#??? | | #????## b #??????? | | ###### * * # ##?????? | | #### d ## # #" #??#???? | | ???## d ##???#??#?#%"#??????? | | ???## #### ## ##############" #??????? | | #### #??# ### ??## #???###? | | ## #??# #?## # #?# # #### ## | | ##### #??## # ### ! % ## # | | ###### %% #???# % %= # | | ###????# ####???# # | | ###??#??# ????#??# #### ## # | | #?#????? ????????# #?# # # | | #?????? ????????# ##?# # | | ##????? ??????????# ???###### #### | | ##?????? ?????????# ?#?????# #?## | | ???????##???????????# ##???????# ##### | | ???????????? ? ?????# ##???????## #??# | | ????????????????????## ##???????# # #?#? | | ?????????????????????## =%###?????# ## #???# | | ??????????????????????# %=! #????### #### #????## | | ??????????????????????# =|! #????######## ####### | | ???????????#?????????# #????????## # | | ???????????????????? *#?????#???# """ """ # | | ??????????????????? ![%#???????## """ """ # | +----------------------------------------------------+ Best States ------------- Heat Dissipation 28 Energy Generation 10 Energy Capacity 250 Matter Stores 300 Matter Capacity 300 Sight Range 16 Terrain Scan Range 16 Terrain Scan Density 10 Evasion (%) 62 Recoil Reduction 2 Item Schematics ----------------- None Robot Schematics ------------------ None Fabricated ------------ Nothing Alien Tech Used ----------------- None Achievements -------------- None Challenges ------------ None Game ------ Seed ZhirovIntegratedDevice Manual? 0 Play Time 00:18:12 Cumulative 25.9 hours Start 2024.05.26 @ 15:02:16 End 2024.05.26 @ 15:16:43 Sessions 1 Manual Loads 0 Difficulty Rogue Special Mode None Game No. 24 Rogue 24 Adventurer 0 Explorer 0 Win Type - Total 0 Types 0/0/0/0/0/0/0/0/0 Lore% 22 Gallery% 27 Achievement% 18 Wizard Run 0 Options --------- Layout 1 ASCII 0 Keyboard 0 Movement Mouse Keybinds 0 Fullscreen 1 Font 24/Smallcaps Map View 50x35 Zoom Use 0% Tactical HUD 0 Map Filters NONE Filters NONE Steam 1 RUN: c2e8c5e1-98bf-4b2d-a487-11ff02beccf2